 Dungeon Crawl Stone Soup version 0.21.1-1-g345015f (webtiles) character file.

9244 Melicamp the Fighter (level 11, -15/142 HPs)
             Began as a Barachi Wanderer on Apr 8, 2018.
             Was a Follower of Uskayaw.
             Killed from afar by a raiju (18 damage)
             ... with a living lightning
             ... on level 2 of the Abyss.
             The game lasted 01:03:22 (13135 turns).

Melicamp the Fighter (Barachi Wanderer)            Turns: 13135, Time: 01:03:23

Health: -15/142    AC: 25    Str: 19    XL:     11   Next: 43%
Magic:  13/13      EV:  2    Int: 11    God:    Uskayaw [*.....]
Gold:   528        SH:  0    Dex: 14    Spells: 10/10 levels left

rFire    . . .     SeeInvis .   n - +5 scythe "Finisher" {speed, Str+3}
rCold    . . .     Gourm    .   (shield currently unavailable)
rNeg     + + +     Faith    .   (armour currently unavailable)
rPois    +         Spirit   .   (helmet currently unavailable)
rElec    .         Reflect  .   (cloak currently unavailable)
rCorr    +         Harm     .   (gloves currently unavailable)
MR       .....     NoTele   +   (boots currently unavailable)
Stlth    ++........             (no amulet)
HPRegen  0.33/turn              C - ring of resist corrosion
MPRegen  0.13/turn              (no ring)

@: tree-form, very slightly contaminated
A: +LOS, swims
a: Stomp, Renounce Religion


You were on level 2 of the Abyss.
You worshipped Uskayaw.
Uskayaw was noncommittal.
You were very hungry.
You were a tree.
You visited 2 branches of the dungeon, and saw 11 of its levels.
You visited the Abyss 1 time.

You collected 528 gold pieces.

Inventory:

Hand Weapons
 b - a +1 halberd of distortion
   (You took it off a gnoll on level 2 of the Dungeon)
 n - the +5 scythe "Finisher" (weapon) {speed, Str+3}
   (You found it on level 10 of the Dungeon)

   Attacks with this weapon are significantly faster.
   It affects your strength (+3).
Missiles
 h - 138 arrows
 i - 348 stones (quivered)
Armour
 u - a +0 cloak (melded)
   (You found it on level 8 of the Dungeon)
 v - a +0 plate armour (melded)
   (You took it off an orc warrior on level 5 of the Dungeon)
 z - a +1 pair of boots (melded)
   (You found it on level 7 of the Dungeon)
Jewellery
 C - a ring of resist corrosion (left branch)
   (You found it on level 8 of the Dungeon)
Wands
 k - a wand of paralysis (4)
   (You took it off Ijyb on level 3 of the Dungeon)
 m - a wand of flame (47)
   (You found it on level 5 of the Dungeon)
 p - a wand of acid (2)
   (You took it off a kobold on level 3 of the Dungeon)
 q - a wand of disintegration (16)
   (You found it on level 4 of the Dungeon)
 w - a wand of random effects (13)
   (You found it on level 7 of the Dungeon)
 y - a wand of scattershot (4)
   (You found it on level 7 of the Dungeon)
 A - a wand of digging (14)
   (You found it on level 8 of the Dungeon)
Scrolls
 e - 4 scrolls of remove curse
 f - 3 scrolls of immolation
 g - 3 scrolls of magic mapping
 x - a scroll of fog
 E - a scroll of identify
Potions
 a - a potion of haste
 j - a potion of magic
 l - 3 potions of brilliance
 s - 2 potions of cancellation
 B - a potion of lignification
 D - a potion of mutation {unknown}
Books
 o - a book of Flames
   (You found it on level 9 of the Dungeon)
 t - a book of Minor Magic
   (You found it on level 9 of the Dungeon)
Comestibles
 d - 13 rations


   Skills:
 * Level 12.0 Fighting
 + Level 9.5(10.0) Polearms
   Level 4.6(8.2) Staves
 - Level 11.5 Armour
 - Level 1.1 Dodging
 - Level 1.0 Stealth
   Level 1.1 Shields
 - Level 3.4 Invocations
 - Level 1.1 Evocations


You had 10 spell levels left.
You didn't know any spells.

Dungeon Overview and Level Annotations

Branches:
Dungeon (10/15)            Temple (1/1) D:4            Lair (0/6) D:8
    Orc: D:9-12

Altars:
Ashenzari
Cheibriados
Dithmenos
Elyvilon
Fedhas
Gozag
Hepliaklqana
Kikubaaqudgha
Makhleb
Nemelex Xobeh
Okawaru
Qazlal
Ru
Sif Muna
Trog
Uskayaw
Vehumet
Wu Jian
Xom
Yredelemnul
Zin
The Shining One


Innate Abilities, Weirdness & Mutations

Shadows flee at your approach. (+LOS)
You can swim through water.
((You cover ground slowly.))
((You can hop short distances.))


Message History

You can no longer merge with and destroy a victim.
You feel yourself slow down.
You start resting.
You can no longer pass through a line of other dancers.
A large abomination comes into view.
A large abomination is nearby!
You are too injured to fight recklessly!
You are too injured to fight recklessly!
You are too injured to fight recklessly!
Attack whom?
Press: ? - help, Dir - move target cursor, f - large abomination
Aim: a large abomination You reach to attack!
You slash the large abomination!
The large abomination is moderately damaged.
You slash the large abomination!
The large abomination is heavily damaged.
The large abomination hits you but does no damage.
You hit the large abomination but do no damage.
The large abomination is heavily damaged.
Your transformation is almost over.
The large abomination hits you.
You barely miss the large abomination.
The large abomination is heavily damaged.
The large abomination hits you.
You hit the large abomination but do no damage.
The large abomination is heavily damaged.
The large abomination hits you!
* * * LOW HITPOINT WARNING * * *
You slash the large abomination!
The large abomination is almost destroyed.
The large abomination hits you.
* * * LOW HITPOINT WARNING * * *
You can now pass through a line of other dancers.
You slash the large abomination!
You destroy the large abomination!
Your Fighting skill increases to level 12!
You start resting.
You feel less wooden.
Your +0 cloak unmelds from your body.
Your +1 pair of boots unmelds from your body.
Your +0 plate armour unmelds from your body.
You start resting.
You can no longer pass through a line of other dancers.
An efreet and a raiju come into view.
The efreet is wielding a scimitar of flaming.
Blink to where?
Press: ? - help, Dir - move target cursor You are very lightly contaminated with residual magic.
As you read the scroll of blinking, it crumbles to dust.
You start resting.
A raiju is nearby!
The raiju barks!
You hear a hideous shriek!
You are too injured to fight recklessly!
You are too injured to fight recklessly!
You are feeling very hungry.
You closely miss the raiju. The raiju bites you.
* * * LOW HITPOINT WARNING * * *
The raiju shocks you!
* * * LOW HITPOINT WARNING * * *
You slash the raiju!
The raiju is moderately wounded.
The raiju bursts into living lightning!
The living lightning hits you!
* * * LOW HITPOINT WARNING * * *
The living lightning hits you!
* * * LOW HITPOINT WARNING * * *
The raiju blinks!
You feel better.
You barely miss the flying skull.
The flying skull hits you but does no damage.
The flying skull hits you!
* * * LOW HITPOINT WARNING * * *
You feel better.
The flying skull hits you but does no damage.
You feel better.
The flying skull hits you but does no damage. x2
You turn into a tree.
Your +0 cloak melds into your body.
Your +1 pair of boots melds into your body.
Your +0 plate armour melds into your body.
Your roots penetrate the ground.
The raiju bursts into living lightning!
Helpless, you fail to dodge the living lightning.
* * * LOW HITPOINT WARNING * * *
The living lightning hits you!
* * * LOW HITPOINT WARNING * * *
The raiju blinks!
The flying skull hits you but does no damage.
You slash the flying skull!
The flying skull is severely damaged.
The flying skull hits you but does no damage. x2
You barely miss the flying skull.
The flying skull is severely damaged.
The flying skull hits you but does no damage.
You miss the flying skull.
The flying skull is severely damaged.
The flying skull hits you.
* * * LOW HITPOINT WARNING * * *
The raiju bursts into living lightning!
The living lightning hits you!
You die...

## ...
... #
..
.##.# #
. #...
# .
#.).# #
#.#
#..#
#..#
##z.#.
#♣#.#.
##..# .
#..#.
###h#..
..#h
...
.#.#
...#
.###


You could see a raiju and a flying skull.

Vanquished Creatures
  A dancing weapon (Abyss:2)
  A two-headed ogre (D:8)
  A silent spectre (Abyss:2)
  A hippogriff (D:8)
  A large abomination (Abyss:2)
  Sigmund (D:3)
  5 flying skulls (Abyss:2)
  2 wargs (D:8)
  Edmund (D:4)
  The ghost of PhazeDK the Magician, an amateur OpWz (D:3)
  A hell hound (Abyss:2)
  2 black bears
  A phantom (D:6)
  6 sky beasts
  An ice beast (D:5)
  4 orc warriors
  An ogre (D:8)
  A hornet zombie (D:10)
  A necrophage (D:5)
  2 centaurs
  A crocodile (D:10)
  The ghost of erker the Changer, an amateur OpTm of the Shining One (D:4)
  A big kobold (D:7)
  A gnoll sergeant (D:9)
  5 bullfrogs
  4 scorpions
  11 killer bees
  3 wights (D:7)
  2 howler monkeys
  2 crimson imps
  A bullfrog zombie (D:8)
  3 bullfrog skeletons
  17 orc wizards
  14 orc priests
  A gnoll shaman (D:9)
  Ijyb (D:3)
  11 hounds
  A centaur skeleton (D:5)
  3 iguanas
  6 worker ants
  A hound zombie (D:6)
  A worker ant zombie (D:5)
  20 gnolls
  2 howler monkey skeletons
  7 adders
  An ooze (D:3)
  An adder zombie (D:7)
  3 dart slugs
  5 leopard geckos
  35 orcs
  5 bats
  5 giant cockroaches
  7 goblins
  7 hobgoblins
  27 jackals
  2 quokkas
  A ball python (D:5)
  2 frilled lizards (D:2)
  A jackal skeleton (D:4)
  A jackal zombie (D:5)
  17 kobolds
  A leopard gecko skeleton (D:4)
  2 quokka zombies (D:6)
  A rat (D:1)
279 creatures vanquished.

Vanquished Creatures (others)
  The ghost of wojtek the Cleaver, a novice MiFi of Makhleb (D:6)
  An ogre (D:4)
  A wight (D:7)
  A bullfrog zombie (D:6)
  An orc priest (D:4)
  An orc wizard (D:9)
  A hound (D:10)
  A centaur skeleton (D:5)
  A worker ant (D:4)
  A hound zombie (D:8)
  An adder skeleton (D:5)
  A jackal (D:6)
12 creatures vanquished.

Grand Total: 291 creatures vanquished

Notes
Turn   | Place    | Note
-------+----------+-------------------------------------------
     0 | D:1      | Melicamp the Barachi Wanderer began the quest for the Orb.
     0 | D:1      | Melicamp set off with: a +2 scale mail, a +0 quarterstaff, a potion of curing, a ration
     0 | D:1      | Reached XP level 1. HP: 13/13 MP: 1/1
    71 | D:1      | Reached skill level 1 in Fighting
   249 | D:1      | Reached XP level 2. HP: 21/21 MP: 2/2
   438 | D:1      | Reached skill level 2 in Fighting
   882 | D:1      | Reached XP level 3. HP: 28/28 MP: 3/3
  1409 | D:2      | Reached skill level 3 in Fighting
  1418 | D:2      | Reached skill level 4 in Staves
  1418 | D:2      | Reached XP level 4. HP: 16/35 MP: 4/4
  1587 | D:2      | Found an opulent altar of Gozag.
  2498 | D:3      | Reached skill level 4 in Fighting
  2506 | D:3      | Reached XP level 5. HP: 19/43 MP: 5/5
  2713 | D:3      | Noticed Ijyb
  2713 | D:3      | Paralysed by Ijyb for 5 turns
  2723 | D:3      | Paralysed by Ijyb for 2 turns
  2737 | D:3      | Paralysed by Ijyb for 4 turns
  2742 | D:3      | Killed Ijyb
  2801 | D:3      | HP: 9/43 [orc wizard/magic dart (6)]
  2802 | D:3      | Reached skill level 5 in Fighting
  3124 | D:3      | Noticed PhazeDK's ghost (amateur OpWz)
  3156 | D:3      | Killed PhazeDK's ghost
  3156 | D:3      | Reached skill level 1 in Polearms
  3156 | D:3      | Reached XP level 6. HP: 32/52 MP: 6/6
  3352 | D:3      | Noticed Sigmund
  3363 | D:3      | Killed Sigmund
  3363 | D:3      | Reached skill level 6 in Fighting
  3363 | D:3      | Reached skill level 2 in Polearms
  3363 | D:3      | Reached XP level 7. HP: 42/59 MP: 7/7
  3649 | D:3      | HP: 9/59 [kobold/short sword (8)]
  3650 | D:3      | HP: 4/59 [kobold/short sword (5)]
  4257 | D:2      | Reached skill level 7 in Fighting
  4260 | D:2      | HP: 13/60 [gnoll/halberd of distortion (7)]
  4261 | D:2      | HP: 2/60 [gnoll/halberd of distortion (11)]
  5047 | D:4      | Reached skill level 3 in Polearms
  5166 | D:4      | Noticed erker's ghost (amateur OpTm)
  5187 | D:4      | Killed erker's ghost
  5187 | D:4      | Reached skill level 8 in Fighting
  5215 | D:4      | Noticed Edmund
  5250 | D:4      | Killed Edmund
  5250 | D:4      | Reached XP level 8. HP: 18/69 MP: 8/8
  5571 | D:4      | Reached skill level 4 in Polearms
  5588 | D:4      | Reached skill level 4 in Armour
  5759 | D:4      | Found a staircase to the Ecumenical Temple.
  5813 | D:4      | Reached skill level 5 in Polearms
  6140 | Temple   | Entered the Ecumenical Temple
  6344 | Temple   | Became a worshipper of Uskayaw the Reveler
  6418 | D:5      | Entered Level 5 of the Dungeon
  6427 | D:5      | Reached * piety under Uskayaw
  6470 | D:5      | Reached ** piety under Uskayaw
  6490 | D:5      | Reached skill level 5 in Armour
  6531 | D:5      | Reached skill level 6 in Polearms
  6632 | D:5      | Got a faintly humming chain mail
  6680 | D:5      | Identified the +1 chain mail "Damnable Contraption" {Str+3} (You found it on level 5 of the Dungeon)
  7067 | D:5      | Found a stormy altar of Qazlal.
  7139 | D:5      | Reached XP level 9. HP: 75/75 MP: 9/9
  7660 | D:5      | Reached *** piety under Uskayaw
  7662 | D:5      | Reached skill level 7 in Polearms
  7662 | D:5      | Reached skill level 6 in Armour
  8255 | D:6      | Reached skill level 8 in Polearms
  8304 | D:6      | Reached skill level 7 in Armour
  8319 | D:6      | Noticed wojtek's ghost (novice MiFi)
  8338 | D:6      | Banished wojtek's ghost
  8533 | D:6      | Reached skill level 9 in Polearms
  8785 | D:7      | Reached skill level 8 in Armour
  8982 | D:7      | Reached skill level 9 in Fighting
  9101 | D:7      | Reached XP level 10. HP: 83/83 MP: 10/10
  9312 | D:7      | Found a bloodstained altar of Trog.
  9444 | D:8      | Reached skill level 9 in Armour
  9707 | D:8      | Found a staircase to the Lair.
  9729 | D:8      | Reached **** piety under Uskayaw
  9733 | D:8      | Reached ***** piety under Uskayaw
  9924 | D:8      | Got a slimy short sword
  9927 | D:8      | Noticed a two-headed ogre
  9935 | D:8      | Killed a two-headed ogre
  9935 | D:8      | Reached skill level 10 in Fighting
  9935 | D:8      | Reached skill level 10 in Armour
 10198 | D:8      | Identified the +6 short sword "Norrixze" {venom, rC+ Int+8} (You found it on level 8 of the Dungeon)
 10504 | D:8      | Found a glowing golden altar of the Shining One.
 10714 | D:8      | Reached skill level 11 in Armour
 11758 | D:9      | Found a radiant altar of Vehumet.
 12035 | D:9      | Reached skill level 1 in Invocations
 12155 | D:9      | Reached XP level 11. HP: 92/92 MP: 12/12
 12157 | D:9      | Reached skill level 2 in Invocations
 12417 | D:9      | Reached skill level 11 in Fighting
 12422 | D:9      | Reached skill level 3 in Invocations
 12549 | D:9      | Found a basalt altar of Yredelemnul.
 12552 | D:9      | Found a bloodstained altar of Trog.
 12555 | D:9      | Found a sacrificial altar of Ru.
 12577 | D:10     | Entered Level 10 of the Dungeon
 12873 | D:10     | Found the +5 scythe "Finisher" {speed, Str+3}
 12942 | D:9      | Cast into level 2 of the Abyss (a distortion unwield)
 13026 | Abyss:2  | Noticed a mace of crushing
 13052 | Abyss:2  | Killed a mace of crushing
 13101 | Abyss:2  | HP: 33/142 [large abomination (4)]
 13102 | Abyss:2  | Reached skill level 12 in Fighting
 13126 | Abyss:2  | HP: 22/95 [raiju (5)]
 13127 | Abyss:2  | HP: 5/95 [raiju/living lightning (8)]
 13132 | Abyss:2  | HP: 26/142 [raiju/living lightning (10)]
 13132 | Abyss:2  | HP: 8/142 [raiju/living lightning (18)]
 13135 | Abyss:2  | HP: 3/142 [flying skull (6)]
 13135 | Abyss:2  | Killed from afar by a raiju

Skill      XL: |  1  2  3  4  5  6  7  8  9 10 11 |
---------------+----------------------------------+-----
Fighting       | 1 2 3 4 5 6 8 9 10 12 | 12.0
Staves         | 4 |  4.6
Polearms       | 1 2 3 6 9 |  9.5
Armour         | 5 8 11 | 11.5
Invocations    | 1 3 |  3.4
Dodging        | |  1.1
Stealth        | |  1.0
Shields        | |  1.1
Evocations     | |  1.1

Action                   |  1- 3 |  4- 6 |  7- 9 | 10-12 || total
-------------------------+-------+-------+-------+-------++-------
Melee: Quarterstaff      |    71 |   110 |       |       ||   181
       Trident           |       |    40 |    65 |       ||   105
       Halberd           |       |       |   332 |   338 ||   670
       Scythe            |       |       |       |    48 ||    48
Throw: Stone             |     3 |       |     7 |    15 ||    25
       Throwing net      |       |       |     1 |       ||     1
Invok: Stomp             |       |       |       |     6 ||     6
       Line Pass         |       |       |       |     1 ||     1
 Abil: Hop               |     1 |     2 |     7 |     7 ||    17
Evoke: Wand              |       |       |       |     7 ||     7
  Use: Scroll            |     6 |     2 |     9 |     6 ||    23
       Potion            |       |     1 |     3 |     9 ||    13
 Stab: Paralysed         |       |       |     5 |    11 ||    16
       Invisible         |       |       |     1 |       ||     1
  Eat: Chunk             |     2 |     6 |     8 |    11 ||    27
       Ration            |       |       |     4 |     1 ||     5
Armor: Scale mail        |    32 |    88 |    72 |       ||   192
       Chain mail        |       |       |    86 |   145 ||   231
       Plate armour      |       |       |       |   143 ||   143
       Skin              |       |       |       |    21 ||    21
Dodge: Dodged            |    25 |    74 |   115 |   158 ||   372

Vault maps used:
D:1:      minmay_arrival_plants_in_alcoves
D:2:      nicolae_gozag_cash_rules_everything_around_me
D:3:      uniq_ijyb, uniq_sigmund
D:4:      minmay_temple_entry_statues_fountains, uniq_edmund
D:5:      nicolae_overflow_crystal_walls, first_ration
D:7:      trog_three_pillars_becter
D:8:      nicolae_tso_swordbearing_angel, erik_lair_orcish_takeover
D:9:      vehumet_altar_wand_db, minmay_overflow_temple_star_quad,
          serial_gnoll_camp, gnoll_camp_mini_hut, gnoll_camp_medium_02,
          gnoll_camp_mini_loothouse, gnoll_camp_mini_doghouse
D:10:     cheibrodos_breeding_chamber
Temple:   regret_index_temple_generic_petals

Table legend:
 A = Turns spent in this place as a percentage of turns spent in the entire game.
 B = Non-inter-level travel turns spent in this place as a percentage of non-inter-level travel turns spent in the entire game.
 C = Inter-level travel turns spent in this place as a percentage of turns spent in this place.
 D = Turns resting spent in this place as a percentage of non-inter-level travel turns spent in this place.
 E = Turns spent auto-exploring this place as a percentage of non-inter-level travel turns spent in this place.
 F = Non-inter-level travel turns spent in this place divided by the number of levels of this place that you've seen.
                   A       B       C       D       E      F
               +-------+-------+-------+-------+-------+----------------------
         Total | 100.0 | 100.0 |   4.0 |  33.8 |  40.8 | 1050.3
       Dungeon |  96.7 |  96.8 |   3.9 |  34.4 |  40.6 | 1220.5
        Temple |   1.8 |   1.6 |  13.1 |   0.0 |  85.9 | 206.0
         Abyss |   1.5 |   1.5 |   0.0 |  31.6 |   2.1 | 193.0
               +-------+-------+-------+-------+-------+----------------------

Table legend:
 A = Kills in this place as a percentage of kills in entire the game.
 B = Kills by you in this place as a percentage of kills by you in the entire game.
 C = Kills by friends in this place as a percentage of kills by friends in the entire game.
 D = Other kills in this place as a percentage of other kills in the entire game.
 E = Experience gained in this place as a percentage of experience gained in the entire game.
 F = Experience gained in this place divided by the number of levels of this place that you have seen.
                   A       B       C       D       E      F
               +-------+-------+-------+-------+-------+----------------------
         Total | 100.0 | 100.0 |   N/A | 100.0 | 100.0 | 1100.5
       Dungeon |  96.9 |  96.8 |   N/A | 100.0 |  79.3 | 1047.7
         Abyss |   3.1 |   3.2 |   N/A |   0.0 |  20.7 | 2729.0
               +-------+-------+-------+-------+-------+----------------------
